Map: Kairos Junction LE

Players

rogerfenix

  • Race: Terran Terran
  • League: Platinum
  • Spawn Location: 5:00

Mesrob - Winner!

  • Race: Terran Terran
  • League: Gold
  • Spawn Location: 11:00

VOD

Have the link to the VOD?

Description

Time

  • Played on: Jan. 23, 2019, 10:47 p.m.
  • Length: 13:27
Show
View Real Time Build Order
Export as new Build Order

rogerfenix Terran 

Build Orders:  

Get SALT Encoding   

  12  0:02  SCV  
  13  0:14  SCV  
  13  0:21  Supply Depot  
  14  0:26  SCV  
  15  0:38  Refinery  
  15  0:44  Barracks  
  15  0:53  SCV  
  16  1:05  SCV  
  17  1:13  Refinery  
  17  1:18  SCV  
  18  1:30  SCV  
  18  1:31  Supply Depot  
  19  1:32  Marine  
  20  1:42  SCV  
  21  1:47  Factory  
  21  1:50  Marine  
  22  1:59  Orbital Command  
  22  2:12  Marine  
  23  2:23  Supply Depot  
  23  2:29  Marine  
  23  2:31  Factory Tech Lab  
  23  2:35  Starport  
  23  2:36  SCV  
  25  2:47  Marine  
  25  2:48  SCV  
  27  2:56  Siege Tank  
  30  3:01  SCV  
  30  3:05  Marine, Supply Depot  
  32  3:12  Medivac  
  32  3:19  Engineering Bay, SCV  
  35  3:31  SCV  
  35  3:32  Siege Tank  
  35  3:34  Marine  
  40  3:42  Medivac  
  42  4:01  Missile Turret  
  42  4:07  Missile Turret  
  42  4:14  Command Center  
  42  4:16  Marine  
  43  4:20  Starport Tech Lab  
  43  4:33  Marine  
  37  5:11  Cloaking Field  
  37  5:13  Banshee  
  40  5:22  Command Center  
  40  5:25  Siege Tank  
  43  5:36  SCV  
  44  5:48  Orbital Command, SCV  
  45  5:56  Banshee  
  48  6:00  SCV  
  49  6:11  Missile Turret  
  49  6:12  SCV  
  50  6:21  Siege Tank  
  50  6:24  SCV x2  
  55  6:34  Missile Turret  
  55  6:36  SCV  
  55  6:37  SCV  
  57  6:49  SCV x2  
  57  6:50  Hyperflight Rotors  
  57  6:53  Siege Tank  
  62  6:55  Missile Turret  
  62  7:01  SCV x2  
  64  7:06  Missile Turret  
  64  7:08  Missile Turret  
  64  7:10  Missile Turret  
  64  7:13  SCV  
  65  7:19  Missile Turret  
  65  7:25  SCV  
  69  7:45  Siege Tank  
  63  8:08  SCV  
  64  8:17  Siege Tank  
  67  8:20  SCV  
  68  8:27  Refinery  
  68  8:29  Liberator  
  68  8:31  Refinery  
  68  8:32  SCV  
  69  8:35  SCV  
  70  8:44  SCV  
  70  8:48  SCV  
  75  8:56  SCV  
  75  9:00  SCV  
  77  9:09  SCV  
  72  9:12  Planetary Fortress, Liberator, SCV  
  72  9:21  SCV  
  72  9:23  Starport  
  74  9:24  SCV  
  77  9:33  Refinery  
  77  9:36  Command Center  
  77  9:37  Refinery  
  77  9:48  Fusion Core  
  77  10:01  Starport  
  77  10:14  Missile Turret  
  77  10:20  Armory  
  77  10:22  Armory  
  77  10:29  Armory  
  77  10:34  Missile Turret  
  77  10:43  Starport Tech Lab  
  77  10:47  SCV x2  
  77  10:48  Supply Depot  
  79  10:53  Supply Depot  
  79  10:54  Refinery  
  79  10:55  Supply Depot, Missile Turret  
  79  10:56  Supply Depot  
  79  11:00  SCV x2  
  81  11:08  Refinery  
  81  11:10  Supply Depot  
  81  11:12  SCV  
  81  11:17  Supply Depot  
  79  11:18  Supply Depot  
  79  11:24  SCV  
  47  11:54  Battlecruiser x2  
  47  11:55  Siege Tank  
  59  12:09  Marine  
  57  12:27  Marine  
  57  12:28  Siege Tank  
  61  12:40  Starport Tech Lab  
  58  12:44  Marine  
  55  13:02  Marine  
Show
View Real Time Build Order
Export as new Build Order

Mesrob Terran - Winner!

Build Orders: Mech 

Get SALT Encoding   

  12  0:01  SCV  
  13  0:13  SCV  
  14  0:17  Supply Depot  
  14  0:25  SCV  
  15  0:39  Barracks, SCV  
  16  0:45  Refinery  
  16  0:51  SCV  
  17  1:03  SCV  
  18  1:15  SCV  
  19  1:27  Orbital Command  
  19  1:39  Command Center  
  19  1:40  Marine  
  20  1:53  Bunker  
  20  1:55  SCV  
  21  2:07  Factory, SCV  
  22  2:15  Barracks Tech Lab  
  22  2:19  SCV  
  23  2:26  Refinery  
  23  2:41  Supply Depot  
  23  2:43  Supply Depot  
  24  2:51  SCV  
  24  2:57  Engineering Bay  
  24  3:02  Orbital Command  
  24  3:03  SCV  
  25  3:06  Supply Depot  
  25  3:10  Siege Tank  
  28  3:15  SCV  
  29  3:24  Supply Depot  
  29  3:26  Marine  
  30  3:27  SCV  
  31  3:36  SCV  
  31  3:39  SCV  
  33  3:43  Siege Tank  
  33  3:48  SCV  
  37  3:51  Missile Turret  
  37  3:56  Missile Turret  
  37  4:00  SCV  
  38  4:06  Armory  
  38  4:11  SCV  
  38  4:12  SCV  
  38  4:15  Siege Tank, Missile Turret  
  43  4:24  SCV  
  44  4:34  Command Center  
  35  5:03  Siege Tank  
  38  5:12  SCV  
  39  5:16  Marine  
  40  5:24  SCV  
  40  5:26  Refinery  
  41  5:28  Refinery  
  41  5:33  Marine  
  42  5:36  SCV  
  43  5:48  SCV  
  44  5:51  Command Center  
  44  5:58  SCV  
  44  6:01  SCV  
  46  6:10  SCV  
  47  6:13  Thor  
  47  6:18  Supply Depot  
  53  6:24  Terran Vehicle Weapons Level 1  
  53  6:36  Factory  
  53  6:43  Supply Depot  
  53  6:45  Marine  
  54  6:56  Thor  
  54  7:01  Factory  
  60  7:05  Supply Depot  
  60  7:12  Orbital Command  
  60  7:25  Factory Reactor  
  60  7:27  Marine  
  60  7:29  Supply Depot  
  54  7:39  Thor  
  59  7:53  Supply Depot  
  59  8:01  Missile Turret  
  59  8:03  Hellbat x2  
  59  8:04  Factory Reactor  
  63  8:17  Supply Depot  
  63  8:18  Missile Turret  
  63  8:22  Missile Turret, Thor  
  63  8:24  SCV  
  63  8:25  Missile Turret, SCV  
  71  8:27  SCV  
  72  8:36  SCV  
  72  8:37  SCV  
  72  8:39  SCV  
  72  8:41  Supply Depot  
  74  8:44  Refinery  
  74  8:48  SCV  
  75  8:49  SCV  
  75  8:51  SCV  
  77  8:57  Hellbat  
  77  8:58  Hellbat x3  
  77  9:00  SCV  
  77  9:01  SCV  
  87  9:04  Factory  
  87  9:08  Refinery  
  87  9:12  SCV  
  87  9:13  SCV  
  89  9:17  Terran Vehicle And Ship Armor Level 1  
  89  9:20  Armory  
  89  9:24  SCV  
  89  9:25  Missile Turret  
  90  9:38  Sensor Tower  
  90  9:39  Command Center  
  90  9:45  Missile Turret  
  90  9:47  Missile Turret  
  90  9:49  Factory  
  90  9:50  Sensor Tower  
  90  9:53  SCV  
  90  9:54  SCV x2  
  93  10:05  SCV  
  93  10:06  Missile Turret, SCV x2  
  96  10:07  Missile Turret  
  96  10:09  Hellion, Hellbat x2  
  96  10:10  Hellbat  
  104  10:15  Marine  
  104  10:18  SCV  
  104  10:19  Terran Vehicle Weapons Level 2  
  106  10:26  Factory Tech Lab  
  106  10:36  Factory, Factory Tech Lab  
  106  10:39  Hellbat x3  
  106  10:40  Hellbat  
  114  10:56  Supply Depot  
  114  11:04  Thor  
  114  11:06  Hellbat  
  114  11:07  Hellbat x3  
  125  11:19  Supply Depot  
  125  11:20  Factory  
  123  11:33  Supply Depot  
  121  11:42  Supply Depot  
  121  11:45  Command Center  
  112  11:47  Thor  
  112  11:49  Hellbat  
  118  11:59  Supply Depot  
  118  12:05  Supply Depot  
  118  12:08  Hellion  
  118  12:09  Thor x2  
  128  12:21  Supply Depot  
  128  12:27  Supply Depot  
  128  12:42  Supply Depot  
  128  12:48  Hellbat x2  
  141  13:04  Hellbat x2  
Tags
 
Composition
Mech
Matchup
TvT
Race
Terran
Replay Pack
sc2 replays
Spawn Locations
Cross Positions
Add a new tag
Caveats
  • Supply blocks, unpowered buildings, or Contaminate may cause inaccurate times.
  • Supply counts are checked every 10 seconds.